 Dungeon Crawl Stone Soup version 0.31.0-32-g396128a36d (webtiles) character file.

Game seed: 12478118492081780847

34541 Grink the Metamorph (level 13, -14/139 HPs)
             Began as a Grey Draconian Shapeshifter on Mar 21, 2024.
             Was an Initiate of Gozag.
             Demolished by a very large slime creature (43 damage)
             ... on level 4 of the Lair of Beasts.
             The game lasted 00:20:58 (14518 turns).

Grink the Metamorph (Grey Draconian Shapeshifter)  Turns: 14518, Time: 00:21:00

Health: -14/139    AC: 27    Str: 17    XL:     13   Next: 42%
Magic:  13/13      EV: 16    Int: 11    God:    Gozag
Gold:   2844       SH:  0    Dex: 15    Spells: 12/12 levels left

rFire   + .          .
                       - Unarmed
rCold   . . .        (no shield)
rNeg    + . .        (body armour unavailable)
rPois   ∞            C - +2 hat
rElec   +            (no cloak)
rCorr   .            G - melded +0 pair of gloves
SInv    .            h - melded +0 pair of boots
Will    .....        L - amulet of regeneration
Stlth   +            F - ring of protection from fire
HPRegen 1.23/turn    P - ring of poison resistance
MPRegen 0.13/turn

%: no passive effects
@: statue-form, very slow
A: slow and powerful, torment resistance 1, boosted hp, AC +13, amphibious,
unfitting armour, cold-blooded
a: Begin Untransformation, Renounce Religion, Potion Petition, Call Merchant,
Bribe Branch


You were on level 4 of the Lair of Beasts.
You worshipped Gozag.
Gozag was most pleased with you.
You were a living statue of rough stone.
You visited 3 branches of the dungeon, and saw 15 of its levels.

You collected 3087 gold pieces.
You spent 135 gold pieces at shops.
You paid 108 gold pieces to Gozag.


Innate Abilities, Weirdness & Mutations

You are a living statue of rough stone.
Your actions are slow, but your melee attacks are powerful.
You are resistant to unholy torment.
Your maximum health is increased.
Your equipment is partially melded.
((Your dull iron-grey scales are very hard. (AC +13)))
You are amphibious.
You cannot fit into any form of body armour.
You are immune to poison.
You are cold-blooded and may be slowed by cold attacks.


   Skills:
 + Level 12.6 Fighting
 - Level 9.0 Dodging
 - Level 9.0 Unarmed Combat
 - Level 15.0 Shapeshifting


You had 12 spell levels left.
You didn't know any spells.
Your spell library contained the following spells:

 Spells                   Type           Power      Damage    Failure   Level
 Kiss of Death            Conj/Necr      0%         2d5       34%         1
 Cigotuvi's Dreadful Rot  Necr/Alch/Air  0%         N/A       47%         2
 Confusing Touch          Hex            0%         N/A       71%         3
 Volatile Blastmotes      Fire/Tloc      0%         2d10      71%         3
 Airstrike                Air            0%         2d(0-16)  98%         4
 Dispel Undead            Necr           0%         3d6       98%         4
 Fulminant Prism          Conj/Alch      0%         3d5       98%         4
 Ignite Poison            Fire/Alch      0%         N/A       98%         4
 Iskenderun's Mystic Bla  Conj/Tloc      0%         2d3       98%         4
 Freezing Cloud           Conj/Ice/Air   0%         6-21      100%        5
 Plasma Beam              Fire/Air       0%         2x1d10    100%        6

Inventory:

Missiles
 d - 35 poisoned darts (quivered)
 O - 2 throwing nets {=f}
Armour
 h - a +0 pair of boots (melded)
 C - a +2 hat (worn)
 G - a +0 pair of gloves (melded)
 R - a +0 pair of gloves of hurling
Magical Staves
 b - a staff of earth {!a}
 D - a staff of death {!a}
 I - a staff of air {!a}
Jewellery
 F - a ring of protection from fire (left fist)
 L - an amulet of regeneration (around neck)
 P - a ring of poison resistance (right fist)
Talismans
 g - a granite talisman (active)
 N - a serpent talisman
Wands
 k - a wand of quicksilver (5)
 p - a wand of flame (25)
 t - a wand of mindburst (21)
 y - a wand of paralysis (4)
 B - a wand of polymorph (11)
 H - a wand of roots (5)
Scrolls
 f - 5 scrolls of fog
 i - a scroll of revelation {unknown}
 m - 3 scrolls of immolation {unknown}
 n - 4 scrolls of noise {unknown}
 q - a scroll of amnesia {unknown}
 r - 8 scrolls of teleportation {unknown}
 w - a scroll of silence {unknown}
 x - 2 scrolls of vulnerability {unknown}
 A - 2 scrolls of blinking {unknown}
 E - a scroll of enchant weapon {unknown}
 S - a scroll of acquirement {unknown}
 U - a scroll of fear {unknown}
 V - a scroll of brand weapon {unknown}
Potions
 a - 11 potions of ambrosia
 e - 5 potions of curing {@q1}
 j - 2 potions of enlightenment
 l - a potion of haste {@q3}
 o - 3 potions of brilliance
 u - 3 potions of might
 v - 3 potions of lignification
 z - a potion of berserk rage {!q}
 J - a potion of degeneration {unknown}
 K - a potion of invisibility {unknown}
 M - a potion of magic {unknown}
 Q - a potion of attraction {unknown}
 T - 3 potions of mutation

Dungeon Overview and Level Annotations

Branches:
Dungeon (10/15)            Temple (1/1) D:7            Lair (4/5) D:9
  Swamp (0/4) Lair:2        Snake (0/4) Lair:2        Slime (0/5) Lair:4
    Orc (0/2) D:10

Altars:
Ashenzari
Cheibriados
Dithmenos
Elyvilon
Fedhas
Gozag
Hepliaklqana
Kikubaaqudgha
Makhleb
Nemelex Xobeh
Okawaru
Qazlal
Ru
Sif Muna
Trog
Uskayaw
Vehumet
Wu Jian
Xom
Yredelemnul
Zin
The Shining One
Jiyva

Shops:
D:8 [

Annotations:
D:3 exclusion: statue
D:7 3 runed translucent doors, evoluderxx's ghost, novice TrMo
D:10 3 runed translucent doors, jkubb29's ghost, journeyman DsNe
Temple 4 transporters

######## ###§.....# ##
#8Y#.§§..###P#####
##J#....F....P....
###FYJ..)J.......... ###
####..FF§........P#..▒
#.#######.#....Y...###F..##..▒
##...#....#....##........##..▒.
#....#...###.............#..F.
##........##.........#...P...Y
###......#...#..................


You could see 2 death yaks, a very large slime creature and a jelly.


Message History

The death yak is distracted by your dazzling golden aura. x2
The jelly is distracted by your dazzling golden aura.
The jelly quivers.
The death yak bellows! x2
You hit the death yak but do no damage.
The death yak is no longer distracted by gold.
The death yak is heavily wounded.
The jelly is no longer distracted by gold.
The blink frog is no longer distracted by gold.
The blink frog blinks!
The death yak misses you.
The very large slime creature hits you!!!
You punch the death yak! You tail-slap the death yak.
The death yak is severely wounded.
The death yak barely misses you.
The very large slime creature hits you!!!
* * * LOW HITPOINT WARNING * * *
Unknown command.
You are too injured to fight recklessly!
Unknown command.
You are too injured to fight recklessly!
Unknown command.
You are too injured to fight recklessly!
Unknown command.
As you read the scroll labelled ZEGGAF UMABETS, it dissolves into smoke.
It was a scroll of fog.
The death yak gores you but does no damage.
The very large slime creature closely misses you.
The very large slime creature hits you!!!
You die...
Your body crumbles into a pile of gold.

Skill      XL: |  1  2  3  4  5  6  7  8  9 10 11 12 13 |
---------------+----------------------------------------+-----
Fighting       | 2 3 5 6 7 9 12 | 12.6
Shapeshifting  | 4 6 7 9 12 15 | 15.0
Unarmed Combat | 4 7 9 |  9.0
Dodging        | 3 7 8 9 |  9.0

Action                     |  1- 3 |  4- 6 |  7- 9 | 10-12 | 13-15 || total
---------------------------+-------+-------+-------+-------+-------++-------
  Melee: Unarmed           |    76 |   131 |   361 |   890 |   119 ||  1577
         Tailslap          |     9 |    18 |    54 |   135 |    18 ||   234
         Punch             |     1 |     3 |     6 |    11 |    11 ||    32
         Constrict         |       |       |       |     8 |       ||     8
  Throw: Dart              |       |       |     6 |       |       ||     6
  Evoke: Wand              |       |       |       |     1 |     1 ||     2
    Use: Potion            |     1 |       |       |     2 |       ||     3
         Scroll            |       |       |       |     8 |     2 ||    10
   Stab: Sleeping          |       |     1 |     1 |     1 |       ||     3
         Distracted        |       |       |       |     6 |     1 ||     7
 Armour: Skin              |    38 |    94 |   191 |   501 |   140 ||   964
  Dodge: Dodged            |    41 |   115 |   260 |   842 |   165 ||  1423
   Form: Flux              |       |       |     1 |       |       ||     1
         Blade             |       |       |       |     2 |       ||     2
         Statue            |       |       |       |     1 |       ||     1
         Serpent           |       |       |       |     1 |       ||     1

Levels and vault maps discovered:
D:1:      psy_arrival_statuary, layout_loops_ring,
          ebering_ecumenical_altar_petrified
D:2:      layout_basic, uniq_sigmund
D:3:      layout_loops_ring, lemuel_round_altar, vehumet_statue, st_stairs_9,
          uniq_ijyb
D:4:      layout_loops_ring, mainiacjoe_overflow_alcove_4, uniq_eustachio
D:5:      layout_basic
D:6:      layout_loops_ring, jmf_multi_god_temple2
D:7:      layout_basic, fedhas_altar_decomposition,
          mainiacjoe_overflow_alcove_1, minmay_temple_entry_junction_2,
          gammafunk_ghost_nasty_kobolds
D:8:      layout_layer_cave, mainiacjoe_overflow_catwalk, serial_shops,
          nicolae_lakefront_shop, uniq_prince_ribbit1, uniq_grum
D:9:      layout_roguey [special_room_orc], dpeg_oklobed_lair
D:10:     layout_roguey [special_room_bee], mainiacjoe_overflow_alcove_2,
          erik_orc_4, biasface_ghost_orc_armoury
Temple:   hellmonk_temple_divided_pantheon
Lair:1:   layout_long_grid, serial_bayou_shore_a, uniq_harold
Lair:2:   layout_chaotic_city, skrybe_swamp_entry_bodies,
          minmay_snake_entry_guardpost_medium, basic_altar,
          guppyfry_lair_drakes, uniq_amaemon
Lair:3:   layout_regular_city, uniq_nessos
Lair:4:   layout_misc_corridors, minmay_slime_entry_pillars, uniq_urug,
          uniq_sonja

Notes
Turn   | Place    | Note
-------+----------+-------------------------------------------
     0 | D:1      | Grink the Draconian Shapeshifter began the quest for the
                  | Orb.
     0 | D:1      | Reached XP level 1. HP: 16/16 MP: 1/1
   116 | D:1      | Reached skill level 2 in Fighting
   152 | D:1      | Reached XP level 2. HP: 25/25 MP: 2/2
   275 | D:1      | Found a faded altar of an unknown god.
   475 | D:1      | Reached skill level 3 in Fighting
   973 | D:2      | Reached XP level 3. HP: 13/31 MP: 3/3
  1340 | D:2      | Noticed Sigmund
  1361 | D:2      | Killed Sigmund
  1362 | D:2      | Reached skill level 4 in Fighting
  1362 | D:2      | Reached skill level 5 in Fighting
  1362 | D:2      | Reached skill level 4 in Shapeshifting
  1362 | D:2      | Reached XP level 4. HP: 42/42 MP: 4/4
  1362 | D:2      | Reached XP level 5. HP: 48/48 MP: 5/5
  2041 | D:3      | Found an ornate altar of the Wu Jian Council.
  2151 | D:3      | Noticed Ijyb
  2172 | D:3      | Killed Ijyb
  2175 | D:3      | Reached XP level 6. HP: 23/56 MP: 6/6
  2344 | D:3      | Reached skill level 5 in Shapeshifting
  2373 | D:3      | Found a radiant altar of Vehumet.
  3029 | D:4      | Found a basalt altar of Yredelemnul.
  3077 | D:4      | Noticed Eustachio
  3101 | D:4      | Killed Eustachio
  3102 | D:4      | Reached skill level 6 in Shapeshifting
  3102 | D:4      | Your scales start taking on a dull iron-grey colour.
  3102 | D:4      | Reached XP level 7. HP: 36/61 MP: 5/7
  3811 | D:5      | Entered Level 5 of the Dungeon
  4019 | D:5      | Reached skill level 7 in Shapeshifting
  4528 | D:6      | Reached skill level 4 in Unarmed Combat
  4639 | D:6      | Reached skill level 6 in Fighting
  4639 | D:6      | Reached XP level 8. HP: 65/70 MP: 5/8
  4964 | D:6      | Reached skill level 5 in Unarmed Combat
  5247 | D:6      | Found a burning altar of Makhleb.
  5250 | D:6      | Found a stormy altar of Qazlal.
  5255 | D:6      | Reached skill level 7 in Fighting
  5349 | D:7      | Found a runed translucent gate.
  5361 | D:7      | Found a runed translucent gate.
  5370 | D:7      | Reached skill level 6 in Unarmed Combat
  5479 | D:7      | Found a runed translucent gate.
  5481 | D:7      | Noticed evoluderxx's ghost (novice TrMo)
  5590 | D:7      | Reached skill level 7 in Unarmed Combat
  5590 | D:7      | Reached skill level 2 in Dodging
  5627 | D:7      | Reached skill level 3 in Dodging
  5639 | D:7      | Reached XP level 9. HP: 52/79 MP: 5/9
  5648 | D:7      | Reached skill level 4 in Dodging
  5950 | D:7      | Found a staircase to the Ecumenical Temple.
  5957 | Temple   | Found a transporter.
  5957 | Temple   | Found a transporter.
  5957 | Temple   | Found a transporter.
  5957 | Temple   | Found a transporter.
  5957 | Temple   | Entered the Ecumenical Temple
  5975 | Temple   | Became a worshipper of Gozag Ym Sagoz the Greedy
  6157 | D:7      | Reached skill level 5 in Dodging
  6196 | D:7      | Found a sacrificial altar of Ru.
  6280 | D:7      | Found a blossoming altar of Fedhas.
  6365 | D:8      | Found a bloodstained altar of Trog.
  6365 | D:8      | Noticed Prince Ribbit
  6367 | D:8      | Noticed a two-headed ogre
  6387 | D:8      | Reached skill level 6 in Dodging
  6399 | D:8      | Killed a two-headed ogre
  6399 | D:8      | Noticed Grum
  6400 | D:8      | Reached skill level 7 in Dodging
  6701 | D:7      | Killed Prince Ribbit
  6831 | D:8      | Killed Grum
  6832 | D:8      | Reached XP level 10. HP: 84/88 MP: 10/10
  7069 | D:8      | Reached skill level 8 in Fighting
  7087 | D:8      | Reached skill level 8 in Unarmed Combat
  7103 | D:8      | Reached skill level 8 in Shapeshifting
  7799 | D:8      | Identified the blade talisman "Totuuc" {rElec Will- Str+3}
  7862 | D:8      | Found Munil's Antique Armour Shop.
  7870 | D:8      | Bought a pair of gloves for 135 gold pieces
  8225 | D:9      | Found a staircase to the Lair.
  8445 | D:9      | Reached skill level 9 in Fighting
  8643 | D:9      | Reached skill level 9 in Unarmed Combat
  8946 | D:9      | Got the Folio of the Squall and Confrontation
  8961 | D:9      | Reached skill level 9 in Shapeshifting
  9122 | D:10     | Entered Level 10 of the Dungeon
  9132 | D:10     | Noticed a two-headed ogre
  9147 | D:10     | Killed a two-headed ogre
  9274 | D:10     | Reached skill level 8 in Dodging
  9274 | D:10     | Reached XP level 11. HP: 92/97 MP: 11/11
  9304 | D:10     | Noticed a two-headed ogre
  9468 | D:10     | Killed a two-headed ogre
  9561 | D:10     | Found a staircase to the Orcish Mines.
  9771 | D:10     | Reached skill level 9 in Dodging
 10233 | D:10     | Noticed a green ugly thing
 10259 | D:10     | Killed a purple ugly thing
 10267 | D:10     | Reached skill level 10 in Shapeshifting
 10362 | D:10     | Found a shimmering altar of Xom.
 10452 | D:10     | Found a runed translucent gate.
 10453 | D:10     | Found a runed translucent gate.
 10458 | D:10     | Found a runed translucent gate.
 10459 | D:10     | Identified the +1 plate armour of Fuhew {Fly rPois Will-
                  | Int-4}
 10461 | D:10     | Noticed jkubb29's ghost (journeyman DsNe)
 10641 | Lair:1   | Entered Level 1 of the Lair of Beasts
 11084 | Lair:1   | Reached skill level 11 in Shapeshifting
 11462 | Lair:1   | Reached skill level 12 in Shapeshifting
 11565 | Lair:1   | Reached XP level 12. HP: 104/104 MP: 12/12
 11821 | Lair:1   | Noticed Harold
 11830 | Lair:1   | Killed Harold
 12291 | Lair:2   | Reached skill level 13 in Shapeshifting
 12538 | Lair:2   | Found a staircase to the Swamp.
 12554 | Lair:2   | Noticed Amaemon
 12711 | Lair:2   | Reached skill level 14 in Shapeshifting
 12756 | Lair:2   | Found a shimmering blue altar of Sif Muna.
 12897 | Lair:2   | HP: 6/104 [Amaemon/-1 demon whip of venom (12)]
 12898 | Lair:2   | HP: 2/104 [poisoned by Amaemon]
 12921 | Lair:2   | Killed Amaemon
 13175 | Lair:2   | Found a staircase to the Snake Pit.
 13322 | Lair:3   | Noticed Nessos
 13338 | Lair:3   | Killed Nessos
 13467 | Lair:3   | Reached skill level 15 in Shapeshifting
 13608 | Lair:3   | Noticed a four-headed hydra
 13615 | Lair:3   | Reached XP level 13. HP: 113/113 MP: 13/13
 13624 | Lair:3   | Reached skill level 10 in Fighting
 14297 | Lair:4   | Reached skill level 11 in Fighting
 14313 | Lair:4   | Noticed Urug
 14332 | Lair:4   | Killed Urug
 14376 | Lair:4   | Reached skill level 12 in Fighting
 14423 | Lair:4   | Noticed Sonja
 14432 | Lair:4   | Killed Sonja
 14485 | Lair:4   | Found a viscous altar of Jiyva.
 14485 | Lair:4   | Found a staircase to the Slime Pits.
 14518 | Lair:4   | Demolished by a very large slime creature

Vanquished Creatures
  Nessos (Lair:3)
  2 hydras
  Harold (Lair:1)
  2 death yaks (Lair:4)
  3 two-headed ogres
  Sonja (Lair:4)
  Urug (Lair:4)
  Amaemon (Lair:2)
  A skyshark (Lair:3)
  2 bog bodies (Lair:2)
  A lindwurm (Lair:3)
  An ugly thing (D:10)
  5 elephants (Lair:3)
  2 black mambas
  An orange demon (Lair:2)
  A torpor snail (Lair:2)
  9 cane toads
  2 komodo dragons
  A rime drake (Lair:3)
  2 trolls
  A queen bee (D:10)
  3 hornets
  Prince Ribbit (D:7)
  15 blink frogs
  Sigmund (D:2)
  2 wyverns (Lair:2)
  Eustachio (D:4)
  41 yaks
  Grum (D:8)
  2 basilisks
  2 steam dragons
  A warg (D:10)
  3 nagas (Lair:2)
  11 water moccasins
  3 orc warriors
  A sky beast (D:7)
  2 ice beasts
  2 ogres
  14 wolves
  A centaur (D:8)
  A phantom (D:7)
  4 kobold brigands
  9 bullfrogs
  3 gnoll sergeants
  A necrophage (D:7)
  A scorpion (D:4)
  4 wights (D:7)
  28 killer bees
  9 howler monkeys
  An electric eel (Lair:2)
  3 hounds
  A bombardier beetle (D:5)
  10 orc priests
  3 iguanas (D:5)
  2 sleepcaps
  Ijyb (D:3)
  6 orc wizards
  11 adders
  11 gnolls
  2 ufetubi (D:6)
  A dart slug (D:1)
  2 ribbon worms
  45 orcs
  6 bats
  10 endoplasms
  3 giant cockroaches
  4 goblins
  8 hobgoblins
  A quokka (D:2)
  7 ball pythons
  2 frilled lizards
  23 kobolds
  4 rats
375 creatures vanquished.

Table legend: (Time is in decaauts)
 A = Elapsed time spent in this place.
 B = Non-inter-level travel time spent in this place.
 C = Inter-level travel time spent in this place.
 D = Time resting spent in this place.
 E = Time spent auto-exploring this place.
 F = Levels seen in this place.
 G = Mean time per level.
                   A        B        C        D        E       F      G
               +--------+--------+--------+--------+--------+-----+--------+
         Total |  15217 |  14610 |    607 |   1155 |  10549 |  15 | 1014.5 |
       Dungeon |  10575 |  10156 |    419 |    805 |   7502 |  10 | 1057.5 |
        Temple |     37 |     19 |     18 |      0 |      0 |   1 |   37.0 |
          Lair |   4604 |   4436 |    168 |    350 |   3047 |   4 | 1151.0 |
               +--------+--------+--------+--------+--------+-----+--------+

Top non-repeatable levels by time:
     D:8: 1493 daAuts
  Lair:1: 1445 daAuts
  Lair:3: 1437 daAuts
    D:10: 1435 daAuts
     D:7: 1342 daAuts
  Lair:2: 1333 daAuts
     D:2: 1077 daAuts
     D:4: 1049 daAuts
     D:9: 989 daAuts
     D:1: 896 daAuts
     D:6: 813 daAuts
     D:3: 772 daAuts
     D:5: 705 daAuts
  Lair:4: 388 daAuts
  Temple: 37 daAuts

Table legend:
 A = Non-vault XP
 B = Vault XP
 C = Vault XP percentage of total XP
 D = Non-vault monster count
 E = Vault monster count
 F = Vault count percentage of total count
                 A         B        C        D         E       F
            +---------+---------+-------+---------+---------+-------
      Total |   37590 |   11755 |  23.8 |     280 |      95 |  25.3
            +---------+---------+-------+---------+---------+-------
        D:1 |      36 |       0 |   0.0 |      20 |       0 |   0.0
        D:2 |      58 |     247 |  81.0 |      21 |       1 |   4.5
        D:3 |      75 |      39 |  34.2 |      12 |       3 |  20.0
        D:4 |     237 |     203 |  46.1 |      18 |       1 |   5.3
        D:5 |     402 |       0 |   0.0 |      12 |       0 |   0.0
        D:6 |     567 |     133 |  19.0 |      13 |       1 |   7.1
        D:7 |    1660 |     579 |  25.9 |      27 |       4 |  12.9
        D:8 |    3177 |     309 |   8.9 |      31 |       2 |   6.1
        D:9 |    1678 |     250 |  13.0 |      20 |      26 |  56.5
       D:10 |    3967 |    2421 |  37.9 |      12 |      42 |  77.8
     Lair:1 |    7868 |     855 |   9.8 |      34 |       1 |   2.9
     Lair:2 |    4255 |    4092 |  49.0 |      18 |      11 |  37.9
     Lair:3 |    6721 |    1061 |  13.6 |      16 |       1 |   5.9
     Lair:4 |    6889 |    1566 |  18.5 |      26 |       2 |   7.1
            +---------+---------+-------+---------+---------+-------
